 Dungeon Crawl Stone Soup version 0.22.0-27-ga576289 (webtiles) character file.

9515 Faca the Chucker (level 11, 0/83 HPs)
             Began as a Gnoll Wanderer on Aug 21, 2018.
             Was a Follower of Qazlal.
             Slain by a seven-headed hydra (9 damage)
             ... on level 11 of the Dungeon on Aug 22, 2018.
             The game lasted 00:28:45 (12685 turns).

Faca the Chucker (Gnoll Wanderer)                  Turns: 12685, Time: 00:28:47

Health: 0/83       AC: 15    Str: 13    XL:     11   Next: 47%
Magic:  21/21      EV: 16    Int: 18    God:    Qazlal [*.....]
Gold:   647        SH:  9    Dex: 16    Spells: 23/23 levels left

rFire    . . .     SeeInvis .   L - +4 flail
rCold    . . .     Gourm    .   i - +1 buckler
rNeg     . . .     Faith    .   z - +0 steam dragon scales
rPois    .         Spirit   .   B - +0 helmet
rElec    .         Reflect  .   (no cloak)
rCorr    .         Harm     .   (no gloves)
MR       .....                  (no boots)
Stlth    +++.......             (no amulet)
HPRegen  0.23/turn              p - +5 ring of slaying
MPRegen  0.17/turn              x - ring of Robustness {AC+8}

@: no status effects
A: distributed training, fangs 1, strong nose
a: Renounce Religion


You were on level 11 of the Dungeon.
You worshipped Qazlal.
Qazlal was aware of your devotion.
You were not hungry.

You visited 3 branches of the dungeon, and saw 13 of its levels.

You collected 647 gold pieces.

Inventory:

Hand Weapons
 k - a +1 hand axe
 y - a +0 long sword of holy wrath
 L - a +4 flail (weapon)
Missiles
 q - 7 javelins
 u - 2 steel tomahawks (quivered)
 A - 3 tomahawks
 H - 3 javelins of returning
Armour
 i - a +1 buckler (worn)
 z - +0 steam dragon scales (worn)
 B - a +0 helmet (worn)
 J - a +0 shield
Jewellery
 p - a +5 ring of slaying (left hand)
 w - a +4 ring of dexterity
 x - the ring of Robustness (right hand) {AC+8}
   (You acquired it on level 7 of the Dungeon)

   [ring of protection]

   It affects your AC (+8).
 D - an uncursed ring of see invisible
Wands
 a - a wand of paralysis (15)
 g - a wand of flame (34)
 l - a wand of digging (11)
 o - a wand of iceblast (12)
 F - a wand of clouds (6)
Scrolls
 d - 2 scrolls of enchant weapon
 e - a scroll of magic mapping
 j - a scroll of blinking
 m - 2 scrolls of fear
 s - 3 scrolls of teleportation
 E - 2 scrolls of remove curse
 G - a scroll of amnesia {unknown}
 I - a scroll of enchant armour
 K - a scroll of holy word {unknown}
Potions
 b - 3 potions of brilliance
 c - 4 potions of agility
 h - 3 potions of invisibility
 n - 3 potions of flight
 r - a potion of cancellation
 t - a potion of lignification
 v - a potion of mutation
 C - a potion of haste {unknown}
Comestibles
 f - 14 rations


   Skills:
 + Level 6.8 Fighting
 + Level 6.2 Short Blades
 + Level 6.2 Long Blades
 + Level 6.2 Axes
 + Level 7.8 Maces & Flails
 + Level 6.2 Polearms
 + Level 6.2 Staves
 + Level 6.2 Slings
 + Level 6.2 Bows
 + Level 6.2 Crossbows
 + Level 7.8 Throwing
 + Level 6.2 Armour
 + Level 6.2 Dodging
 + Level 6.2 Stealth
 + Level 6.2 Shields
 + Level 6.2 Unarmed Combat
 + Level 6.9 Spellcasting
 + Level 5.1 Conjurations
 + Level 5.1 Hexes
 + Level 5.1 Charms
 + Level 7.6 Summonings
 + Level 5.1 Necromancy
 + Level 5.1 Translocations
 + Level 5.6 Transmutations
 + Level 5.1 Fire Magic
 + Level 5.1 Ice Magic
 + Level 5.1 Air Magic
 + Level 5.1 Earth Magic
 + Level 5.1 Poison Magic
 + Level 6.8 Invocations
 + Level 6.2 Evocations


You had 23 spell levels left.
You didn't know any spells.
Your spell library contained the following spells:

 Spells                   Type           Power        Failure   Level  Hunger
 Animate Skeleton         Necr           N/A          1%          1    None
 Summon Small Mammal      Summ           ####         1%          1    None
 Call Imp                 Summ           ####....     1%          2    None
 Call Canine Familiar     Summ           ####....     1%          3    ##.....
 Summon Guardian Golem    Hex/Summ       ####....     2%          3    ##.....
 Vampiric Draining        Necr           ###.......   4%          3    ##.....
 Summon Ice Beast         Ice/Summ       ####....     8%          4    ####...
 Summon Lightning Spire   Summ/Air       ####....     8%          4    ####...


Dungeon Overview and Level Annotations

Branches:
Dungeon (11/15)            Temple (1/1) D:7            Lair (1/6) D:10
    Orc (0/2) D:11

Altars:
Ashenzari
Cheibriados
Dithmenos
Elyvilon
Fedhas
Gozag
Hepliaklqana
Kikubaaqudgha
Makhleb
Nemelex Xobeh
Okawaru
Qazlal
Ru
Sif Muna
Trog
Uskayaw
Vehumet
Wu Jian
Xom
Yredelemnul
Zin
The Shining One

Shops:
D:3 *   D:8 =   D:9 *

Annotations:
D:6 2 transporters, WeeknightWizard's ghost, novice DEFE


Innate Abilities, Weirdness & Mutations

Your experience applies equally to all skills.
You have very sharp teeth.
Your uncanny sense of smell can sniff out nearby items.


Message History

You sock the seven-headed hydra!
The seven-headed hydra is moderately wounded.
The seven-headed hydra bites you but does no damage.
The seven-headed hydra barely misses you.
The seven-headed hydra bites you but does no damage.
The seven-headed hydra bites you!
* * * LOW HITPOINT WARNING * * *
The seven-headed hydra bites you.
* * * LOW HITPOINT WARNING * * *
The seven-headed hydra bites you but does no damage.
The seven-headed hydra bites you.
* * * LOW HITPOINT WARNING * * *
You sock the seven-headed hydra! You bite the seven-headed hydra.
The seven-headed hydra is heavily wounded.
The seven-headed hydra is engulfed in blazing flames.
You block the seven-headed hydra's attack.
The seven-headed hydra bites you.
* * * LOW HITPOINT WARNING * * *
The seven-headed hydra bites you!
You die...

. ..######## ###..
.......<.###.'...
.............'...
#####....§...##.
####....@5...##
<.......D§....#
.............##
.............#
.............#####
.........###......
∆ ##.####..#####..
#.####...#...(###
## #
..###..#.##... ..#
#


You could see a seven-headed hydra and a crimson imp.

Vanquished Creatures
  A two-headed ogre (D:10)
  A centaur zombie (D:10)
  2 cyclopes (D:11)
  A spiny frog (Lair:1)
  A komodo dragon (Lair:1)
  A troll (D:11)
  A hornet (D:10)
  2 hippogriffs
  2 wyverns
  7 yaks
  4 hogs (D:7)
  A human (D:7)
  2 vampire mosquitoes (D:10)
  A steam dragon (D:9)
  3 porcupines (Lair:1)
  2 water moccasins
  An orc warrior (D:10)
  A phantom (D:7)
  An eye of draining (D:9)
  5 ogres
  5 centaurs
  A crocodile (Lair:1)
  A gnoll sergeant (D:9)
  5 bullfrogs
  11 killer bees
  2 scorpions
  3 wights (D:9)
  4 jellies
  2 bullfrog zombies
  4 crimson imps
  3 howler monkeys (D:7)
  5 hounds
  8 orc wizards
  An orc priest (D:9)
  A centaur skeleton (D:7)
  An iguana (D:6)
  Jessica (D:3)
  Ijyb (D:3)
  4 worker ants
  A hound zombie (D:7)
  A worker ant zombie (D:7)
  8 gnolls
  13 adders
  3 shadow imps
  An ooze (D:3)
  A worm (D:3)
  3 adder skeletons
  5 dart slugs
  6 leopard geckos
  23 orcs
  2 ball pythons
  3 bats
  11 giant cockroaches
  8 goblins
  6 hobgoblins
  14 jackals
  12 quokkas
  3 frilled lizards
  A jackal skeleton (D:6)
  13 kobolds
  A leopard gecko skeleton (D:5)
  A quokka zombie (D:8)
  11 rats
254 creatures vanquished.

Vanquished Creatures (others)
  11 fungi (D:10)
  7 plants
18 creatures vanquished.

Grand Total: 272 creatures vanquished

Notes
Turn   | Place    | Note
-------+----------+-------------------------------------------
     0 | D:1      | Faca the Gnoll Wanderer began the quest for the Orb.
     0 | D:1      | Faca set off with: a +0 mace, a +0 robe, a ration
     0 | D:1      | Reached XP level 1. HP: 17/17 MP: 4/4
   336 | D:1      | Reached XP level 2. HP: 23/23 MP: 5/5
  1356 | D:1      | Reached XP level 3. HP: 24/28 MP: 7/7
  1798 | D:2      | Found a bloodstained altar of Trog.
  2005 | D:2      | Reached skill level 1 in Invocations
  2203 | D:2      | Found a blossoming altar of Fedhas.
  2475 | D:2      | Reached skill level 1 in Short Blades
  2475 | D:2      | Reached skill level 1 in Long Blades
  2475 | D:2      | Reached skill level 1 in Axes
  2475 | D:2      | Reached skill level 1 in Polearms
  2475 | D:2      | Reached skill level 1 in Staves
  2475 | D:2      | Reached skill level 1 in Slings
  2475 | D:2      | Reached skill level 1 in Bows
  2475 | D:2      | Reached skill level 1 in Crossbows
  2475 | D:2      | Reached skill level 1 in Armour
  2475 | D:2      | Reached skill level 1 in Dodging
  2475 | D:2      | Reached skill level 1 in Stealth
  2475 | D:2      | Reached skill level 1 in Shields
  2475 | D:2      | Reached skill level 1 in Unarmed Combat
  2475 | D:2      | Reached skill level 1 in Evocations
  2475 | D:2      | Reached XP level 4. HP: 21/34 MP: 8/8
  2611 | D:2      | Found a faded altar of an unknown god.
  3166 | D:3      | Noticed Ijyb
  3176 | D:3      | Paralysed by Ijyb for 4 turns
  3181 | D:3      | Killed Ijyb
  3181 | D:3      | Reached skill level 1 in Conjurations
  3181 | D:3      | Reached skill level 1 in Hexes
  3181 | D:3      | Reached skill level 1 in Charms
  3181 | D:3      | Reached skill level 1 in Necromancy
  3181 | D:3      | Reached skill level 1 in Translocations
  3181 | D:3      | Reached skill level 1 in Fire Magic
  3181 | D:3      | Reached skill level 1 in Ice Magic
  3181 | D:3      | Reached skill level 1 in Air Magic
  3181 | D:3      | Reached skill level 1 in Earth Magic
  3181 | D:3      | Reached skill level 1 in Poison Magic
  3231 | D:3      | Found an opulent altar of Gozag.
  3233 | D:3      | Found Gozag's Platinum Reserve.
  3240 | D:3      | Reached XP level 5. HP: 37/40 MP: 9/9
  3390 | D:3      | Reached XP level 6. HP: 47/47 MP: 10/10
  3434 | D:3      | Reached skill level 5 in Maces & Flails
  3434 | D:3      | Reached skill level 5 in Throwing
  3954 | D:3      | Noticed Jessica
  3973 | D:3      | Killed Jessica
  4462 | D:4      | Reached XP level 7. HP: 42/52 MP: 12/12
  4837 | D:4      | Found a burning altar of Makhleb.
  4849 | D:4      | Found a bloodstained altar of Trog.
  4924 | D:5      | Entered Level 5 of the Dungeon
  6207 | D:6      | Found a sparkling altar of Nemelex Xobeh.
  6257 | D:6      | Reached XP level 8. HP: 49/60 MP: 12/14
  6624 | D:6      | Found a transporter.
  6624 | D:6      | Noticed WeeknightWizard's ghost (novice DEFE)
  6630 | D:6      | Found a transporter.
  7419 | D:7      | Identified a scroll of acquirement
  7420 | D:7      | Found the ring of Robustness {AC+8}
  7626 | D:7      | Found a staircase to the Ecumenical Temple.
  7687 | Temple   | Entered the Ecumenical Temple
  7834 | Temple   | Became a worshipper of Qazlal Stormbringer
  8249 | D:7      | Noticed a yak
  8249 | D:7      | Noticed a yak
  8249 | D:7      | Noticed a yak
  8249 | D:7      | Noticed a yak
  8291 | D:7      | Reached XP level 9. HP: 60/66 MP: 14/16
  8316 | D:7      | Reached skill level 5 in Spellcasting
  8610 | D:8      | Reached skill level 5 in Fighting
  9089 | D:8      | Found Jiffurik's Jewellery Shop.
  9224 | D:9      | Found a basalt altar of Yredelemnul.
  9261 | D:9      | Found a deep blue altar of Sif Muna.
  9367 | D:8      | Reached * piety under Qazlal
  9367 | D:8      | Reached skill level 5 in Invocations
  9568 | D:9      | Reached XP level 10. HP: 74/74 MP: 18/18
  9690 | D:9      | Found Kuejeqee's General Store.
  9914 | D:10     | Entered Level 10 of the Dungeon
 10024 | D:10     | Reached skill level 5 in Short Blades
 10024 | D:10     | Reached skill level 5 in Long Blades
 10024 | D:10     | Reached skill level 5 in Axes
 10024 | D:10     | Reached skill level 5 in Polearms
 10024 | D:10     | Reached skill level 5 in Staves
 10024 | D:10     | Reached skill level 5 in Slings
 10024 | D:10     | Reached skill level 5 in Bows
 10024 | D:10     | Reached skill level 5 in Crossbows
 10024 | D:10     | Reached skill level 5 in Armour
 10024 | D:10     | Reached skill level 5 in Dodging
 10024 | D:10     | Reached skill level 5 in Stealth
 10024 | D:10     | Reached skill level 5 in Shields
 10024 | D:10     | Reached skill level 5 in Unarmed Combat
 10024 | D:10     | Reached skill level 5 in Evocations
 10130 | D:10     | Paralysed by a hornet for 2 turns
 10465 | D:10     | Noticed a two-headed ogre
 10480 | D:10     | Killed a two-headed ogre
 10480 | D:10     | Reached ** piety under Qazlal
 10480 | D:10     | Reached skill level 5 in Transmutations
 10700 | D:10     | Found a staircase to the Lair.
 10978 | D:11     | Noticed a cyclops
 10982 | D:11     | Reached XP level 11. HP: 61/81 MP: 20/20
 11011 | D:11     | Killed a cyclops
 11014 | D:11     | Found a staircase to the Orcish Mines.
 11046 | D:11     | Noticed a cyclops
 11064 | D:11     | Killed a cyclops
 11067 | D:11     | Noticed a seven-headed hydra
 11451 | D:7      | Found a hazy altar of Hepliaklqana.
 11472 | D:7      | Reached skill level 5 in Conjurations
 11472 | D:7      | Reached skill level 5 in Hexes
 11472 | D:7      | Reached skill level 5 in Charms
 11472 | D:7      | Reached skill level 5 in Necromancy
 11472 | D:7      | Reached skill level 5 in Translocations
 11472 | D:7      | Reached skill level 5 in Fire Magic
 11472 | D:7      | Reached skill level 5 in Ice Magic
 11472 | D:7      | Reached skill level 5 in Air Magic
 11472 | D:7      | Reached skill level 5 in Earth Magic
 11472 | D:7      | Reached skill level 5 in Poison Magic
 11475 | D:7      | Found a shimmering altar of Xom.
 11991 | Lair:1   | Entered Level 1 of the Lair of Beasts
 12512 | Lair:1   | Noticed an eight-headed hydra
 12685 | D:11     | Slain by a seven-headed hydra

Skill      XL: |  1  2  3  4  5  6  7  8  9 10 11 |
---------------+----------------------------------+-----
Transmutations | 2 3 4 5 |  5.6
Invocations    | 1 2 3 4 5 6 |  6.8
Short Blades   | 1 2 3 4 5 6 |  6.2
Long Blades    | 1 2 3 4 5 6 |  6.2
Axes           | 1 2 3 4 5 6 |  6.2
Polearms       | 1 2 3 4 5 6 |  6.2
Staves         | 1 2 3 4 5 6 |  6.2
Slings         | 1 2 3 4 5 6 |  6.2
Bows           | 1 2 3 4 5 6 |  6.2
Crossbows      | 1 2 3 4 5 6 |  6.2
Armour         | 1 2 3 4 5 6 |  6.2
Dodging        | 1 2 3 4 5 6 |  6.2
Stealth        | 1 2 3 4 5 6 |  6.2
Shields        | 1 2 3 4 5 6 |  6.2
Unarmed Combat | 1 2 3 4 5 6 |  6.2
Evocations     | 1 2 3 4 5 6 |  6.2
Spellcasting   | 3 4 5 6 |  6.9
Conjurations   | 1 2 3 4 5 |  5.1
Hexes          | 1 2 3 4 5 |  5.1
Charms         | 1 2 3 4 5 |  5.1
Necromancy     | 1 2 3 4 5 |  5.1
Translocations | 1 2 3 4 5 |  5.1
Fire Magic     | 1 2 3 4 5 |  5.1
Ice Magic      | 1 2 3 4 5 |  5.1
Air Magic      | 1 2 3 4 5 |  5.1
Earth Magic    | 1 2 3 4 5 |  5.1
Poison Magic   | 1 2 3 4 5 |  5.1
Fighting       | 3 4 5 6 |  6.8
Maces & Flails | 5 6 7 |  7.8
Throwing       | 5 6 7 |  7.8
Summonings     | 6 7 |  7.6

Action                   |  1- 3 |  4- 6 |  7- 9 | 10-12 || total
-------------------------+-------+-------+-------+-------++-------
Melee: Mace              |    79 |       |       |       ||    79
       Bite              |    11 |    10 |    42 |    46 ||   109
       Hand axe          |    53 |   132 |   204 |   294 ||   683
       Flail             |       |       |   231 |     9 ||   240
Throw: Tomahawk          |       |       |     1 |       ||     1
Invok: Upheaval          |       |       |       |     4 ||     4
  Use: Scroll            |       |    12 |    10 |     1 ||    23
       Potion            |       |       |       |     5 ||     5
 Stab: Sleeping          |       |     3 |     3 |       ||     6
       Distracted        |       |       |     2 |       ||     2
  Eat: Chunk             |     1 |     4 |     3 |     3 ||    11
       Ration            |     2 |       |     4 |     2 ||     8
Armor: Robe              |    22 |     2 |       |       ||    24
       Ring mail         |       |    38 |   120 |    17 ||   175
       Steam dragon scal |       |       |       |   116 ||   116
Dodge: Dodged            |    77 |    56 |   234 |   282 ||   649
Block: Buckler           |    12 |    39 |   145 |   184 ||   380
